 Dungeon Crawl Stone Soup version 0.28-a0-664-gc179e30c89 (webtiles) character file.

Game seed: 13607763890300898032

16 kipponium the Sneak (level 2, 12/22 HPs)
             Began as a Demonspawn Brigand on Oct 15, 2021.
             Quit the game on level 1 of the Dungeon.
             The game lasted 00:00:54 (296 turns).

kipponium the Sneak (Demonspawn Brigand)             Turns: 296, Time: 00:00:55

Health: 12/22      AC:  3    Str: 11    XL:     2   Next: 37%
Magic:  2/2        EV: 11    Int: 12    God:
Gold:   23         SH:  0    Dex: 14    Spells: 1/1 levels left

rFire   . . .      SeeInvis .   a - +2 dagger
rCold   . . .      Faith    .   (no shield)
rNeg    . . .      Spirit   .   b - +0 robe
rPois   .          Reflect  .   (no helmet)
rElec   .          Harm     .   c - +0 cloak
rCorr   .          Rampage  .   (no gloves)
Will    .....                   (no boots)
Stlth   ++........              (no amulet)
HPRegen 0.07/turn               (no ring)
MPRegen 0.08/turn               (no ring)

@: no status effects
A: demonic touch 1
a: no special abilities


You were on level 1 of the Dungeon.
You visited 1 branch of the dungeon, and saw 1 of its levels.

You collected 23 gold pieces.

Inventory:

Hand Weapons
 a - a +2 dagger (weapon)
Missiles
 d - 8 poisoned darts (quivered)
 e - 2 curare-tipped darts
Armour
 b - a +0 robe (worn)
 c - a +0 cloak (worn)
Scrolls
 h - a scroll of identify {unknown}
 i - a scroll of holy word {unknown}
 j - a scroll of noise {unknown}
Potions
 f - a potion of haste {unknown}
 g - a potion of lignification {unknown}


   Skills:
 - Level 2.0 Fighting
 * Level 2.8 Short Blades
 - Level 1.7 Throwing
 - Level 0.8 Dodging
 - Level 3.6 Stealth


You had one spell level left.
You didn't know any spells.
Your spell library was empty.

Dungeon Overview and Level Annotations

Branches:
Dungeon (1/15)

Altars:


Innate Abilities, Weirdness & Mutations

Your touch may inflict minor irresistible damage on your foes.


Message History

The jackal barks!
You hit the jackal.
You kill the jackal!
You have reached level 2!
Your demonic ancestry asserts itself...
Your hands begin to faintly glow with unholy energy.
You hit the hobgoblin.
The hobgoblin is heavily wounded.
The hobgoblin hits you.
The jackal barks!
You hit the hobgoblin but do no damage.
The hobgoblin is heavily wounded.
The hobgoblin hits you but does no damage.
You hit the hobgoblin but do no damage.
You touch the hobgoblin.
You kill the hobgoblin!
The jackal closely misses you.
You hit the jackal. Your touch misses the jackal.
The jackal is heavily wounded.
The jackal closely misses you.
You hit the jackal but do no damage.
The jackal is heavily wounded.
The jackal barely misses you.
The giant cockroach waves its antennae.
You hit the jackal but do no damage.
You touch the jackal.
You kill the jackal!
You barely miss the jackal.
The jackal bites you but does no damage. x2
You hit the jackal.
You touch the jackal.
You kill the jackal!
You miss the jackal.
The jackal bites you but does no damage.
You hit the jackal.
You touch the jackal.
You kill the jackal!
You hit the giant cockroach but do no damage.
You touch the giant cockroach.
You kill the giant cockroach!
Saving game... please wait.
Welcome back, kipponium the Demonspawn Brigand.
Press ? for a list of commands and other information.
Are you sure you want to abandon this character and quit the game? (Confirm with "yes".)

# #.......# #.........#
#.......###........####
#.......##.............
##......##..........###
##...#..#.............
##########......†.....##..
......#####....>......#
#.............##†##...#
#..............#@# ...#
......######.....# #..#
###..## ##.#..# ..#
####### #..#.# ..#
#8###.## ##...###..#
...##..########..##...#
...8##..#........#...##
...# ##.#.............#
...####..............####


There were no monsters in sight!

Vanquished Creatures
  A bat (D:1)
  A giant cockroach (D:1)
  A goblin (D:1)
  2 hobgoblins (D:1)
  4 jackals (D:1)
  A quokka (D:1)
  A frilled lizard (D:1)
  2 rats (D:1)
13 creatures vanquished.

Notes
Turn   | Place    | Note
-------+----------+-------------------------------------------
     0 | D:1      | kipponium the Demonspawn Brigand began the quest for the
                  | Orb.
     0 | D:1      | Reached XP level 1. HP: 16/16 MP: 1/1
   285 | D:1      | Gained mutation: Your touch may inflict minor irresistible
                  | damage on your foes. [demonic ancestry]
   285 | D:1      | Reached XP level 2. HP: 13/22 MP: 2/2
   296 | D:1      | Quit the game

Illustrated notes

Levels and vault maps discovered:
D:1:      eino_arrival_druids_welcome, layout_rooms,
          ebering_ecumenical_altar_hall, serial_corexii_hall,
          corexii_hall_statues_l, corexii_hall_statues_i,
          corexii_hall_statues_t, chequers_hall_statues_corner_a,
          corexii_hall_statues_x, corexii_hall_statues_u

Skill      XL: |  1 |
---------------+----+-----
Short Blades   | 2 |  2.8
Fighting       | |  2.0
Throwing       | |  1.7
Dodging        | |  0.8
Stealth        | |  3.6

Action                   || total
-------------------------++-------
Melee: Dagger            ||    34
       Touch             ||     5
 Stab: Sleeping          ||     1
Armor: Robe              ||     8
Dodge: Dodged            ||    10

Table legend: (Time is in decaauts)
 A = Elapsed time spent in this place.
 B = Non-inter-level travel time spent in this place.
 C = Inter-level travel time spent in this place.
 D = Time resting spent in this place.
 E = Time spent auto-exploring this place.
 F = Levels seen in this place.
 G = Mean time per level.
                   A        B        C        D        E       F      G
               +--------+--------+--------+--------+--------+-----+--------+
         Total |    292 |    292 |      0 |     72 |    146 |   1 |  292.0 |
       Dungeon |    292 |    292 |      0 |     72 |    146 |   1 |  292.0 |
               +--------+--------+--------+--------+--------+-----+--------+

Top non-repeatable levels by time:
     D:1: 292 daAuts
